 Dungeon Crawl Stone Soup version 0.29.0-4-gdea44cf6ec (webtiles) character file.

Game seed: 15254707367687552047

2 qw the Sneak (level 1, -2/14 HPs)
             Began as a Ghoul Enchanter on Sept 7, 2022.
             Slain by a kobold
             ... wielding a +0 dagger
              (4 damage)
             ... on level 1 of the Dungeon.
             The game lasted 00:00:05 (107 turns).

qw the Sneak (Ghoul Enchanter)                       Turns: 107, Time: 00:00:05

Health: -2/14      AC:  2    Str: 11    XL:     1   Next: 40%
Magic:  2/2        EV: 12    Int: 10    God:
Gold:   7          SH:  0    Dex:  9    Spells: 3/3 levels left

rFire   . . .      SeeInvis .   e - +0 long sword
rCold   + . .      Faith    .   (no shield)
rNeg    + + +      Spirit   .   b - +0 robe
rPois   inf        Reflect  .   (no helmet)
rElec   .          Harm     .   (no cloak)
rCorr   .          Rampage  .   (no gloves)
Will    .....                   (no boots)
Stlth   ++........              (no amulet)
HPRegen 0.00/turn               (no ring)
MPRegen 0.08/turn               (no ring)

@: inhibited regen
A: claws 1, cold resistance 1, negative energy resistance 3, inhibited
regeneration, torment resistance 2, devour on kill
a: no special abilities


You were on level 1 of the Dungeon.
You visited 1 branch of the dungeon, and saw 1 of its levels.

You collected 7 gold pieces.


Innate Abilities, Weirdness & Mutations

You are immune to poison.
You have sharp fingernails.
Your flesh is cold resistant. (rC+)
You are immune to negative energy. (rN+++)
You do not regenerate when monsters are visible.
You are immune to unholy pain and torment.
You thrive by killing the living.


   Skills:
 - Level 0.8 Short Blades
 + Level 0.6 Axes
 - Level 1.7 Dodging
 - Level 3.2 Stealth
 - Level 1.7 Spellcasting
 - Level 2.4 Hexes


You had 3 spell levels left.
You didn't know any spells.
Your spell library contained the following spells:

 Spells                   Type           Power      Damage    Failure   Level
 Ensorcelled Hibernation  Hex/Ice        6%         N/A       30%         2
 Confusing Touch          Hex            5%         N/A       34%         3
 Tukima's Dance           Hex            5%         N/A       34%         3
 Dazzling Flash           Conj/Hex       6%         N/A       52%         3

Inventory:

Hand Weapons
 a - a +1 dagger
 e - a +0 long sword (weapon)
Armour
 b - a +0 robe (worn)
Scrolls
 d - a scroll of enchant armour {unknown}
 f - a scroll of silence {unknown}
 h - a scroll of magic mapping {unknown}
Potions
 c - 2 potions of invisibility
 g - a potion of heal wounds {unknown}
 i - a potion of degeneration {unknown}

Dungeon Overview and Level Annotations

Branches:
Dungeon (1/15)

Altars:


Message History

The ball python closely misses you. The ball python grabs you.
The ball python constricts you.
The ball python bites you but does no damage.
The ball python constricts you.
You completely miss the ball python. The ball python bites you.
The ball python constricts you.
You slash the ball python!
You kill the ball python!
You feel better.
You hit the rat.
The rat is severely wounded.
The rat bites you but does no damage.
The rat twitches its whiskers.
The rat barely misses you. The giant cockroach misses you.
You closely miss the rat.
The rat is severely wounded.
The giant cockroach bites you but does no damage.
The rat bites you.
You barely miss the rat.
The rat is moderately wounded.
The giant cockroach barely misses you. The rat bites you.
The giant cockroach bites you.
You hit the rat.
You kill the rat!
You feel better. The giant cockroach misses you.
The giant cockroach bites you but does no damage.
You barely miss the giant cockroach.
The giant cockroach bites you but does no damage.
You hit the giant cockroach.
You kill the giant cockroach!
You start resting.
A kobold comes into view. It is wielding a +0 dagger.
The kobold throws a stone.
The stone hits you. The kobold hits you with a +0 dagger.
You barely miss the kobold. The kobold hits you with a +0 dagger.
You closely miss the kobold. The kobold hits you with a +0 dagger.
You die...

#~~.###.##
####.####
#####
#..###.......#
##..##....>..#
##.##.......#
#.##.:....(#
#....#.....#
##.###.....# .
#..#
#.....#....
#.## #..@K...#
.. #.%.....#
.#. #.....#.#
#.#. #.......#
# #. #!....#.#
........#
..#..###.#
...#.## .#


You could see a kobold.

Vanquished Creatures
  A giant cockroach (D:1)
  A ball python (D:1)
  A rat (D:1)
3 creatures vanquished.

Notes
Turn   | Place    | Note
-------+----------+-------------------------------------------
     0 | D:1      | qw the Ghoul Enchanter began the quest for the Orb.
     0 | D:1      | Reached XP level 1. HP: 14/14 MP: 2/2
     0 | D:1      | 0 ||| qw: Version: 0.1-a-108-g9e35731
     0 | D:1      | 0 ||| qw: Game counter: 6436
     0 | D:1      | 0 ||| qw: Always use a shield: true
     0 | D:1      | 0 ||| qw: God list: Okawaru
     0 | D:1      | 0 ||| qw: Allow faded altars: false
     0 | D:1      | 0 ||| qw: Do Orc after D:15 true
     0 | D:1      | 0 ||| qw: Do second Lair branch before Depths: true
     0 | D:1      | 0 ||| qw: Lair rune preference: random
     0 | D:1      | 0 ||| qw: Plans: Normal
     0 | D:1      | 0 ||| PLANNING D:1-11
    18 | D:1      | 18 ||| SWAPPING to +0 long sword.
   106 | D:1      | HP: 2/14 [kobold/+0 dagger (3)]
   107 | D:1      | Slain by a kobold

Levels and vault maps discovered:
D:1:      lemuel_arrival_muddy, layout_basic, shapermc_ecumenical_altar_venn,
          minivault_27, minmay_misc_feat_columns

Action                   || total
-------------------------++-------
Melee: Long sword        ||    11
Armor: Robe              ||     5
Dodge: Dodged            ||     5

Table legend:
 A = Non-vault XP
 B = Vault XP
 C = Vault XP percentage of total XP
 D = Non-vault monster count
 E = Vault monster count
 F = Vault count percentage of total count
                 A         B        C        D         E       F
            +---------+---------+-------+---------+---------+-------
      Total |       4 |       0 |   0.0 |       3 |       0 |   0.0
            +---------+---------+-------+---------+---------+-------
        D:1 |       4 |       0 |   0.0 |       3 |       0 |   0.0
            +---------+---------+-------+---------+---------+-------
